TOP OF THE 1ST |
Erie Jaxx batting - Pitching for Columbia 08s : LHP Félix García
|
Pitching: LHP Félix García
|
|
Batting: RHB Richard Bankhead
|
0-0: Foul Ball, location: 2F 0-1: Foul Ball, location: 2F 0-2: Ball 1-2: Foul Ball, location: 2F 1-2: SINGLE (Flyball, 4D)
|
Batting: SHB Keith Shaffer
|
0-0: Ball 1-0: Ball 2-0: SINGLE (Line Drive, 78S) Richard Bankhead to second
|
Batting: RHB Tim Hanson
|
0-0: Foul Ball, location: 2F 0-1: Fly out, F8 (Flyball, 8LXD) Runner from 2nd tags up, SAFE at 3rd, no throw
|
Batting: RHB José Estrada
|
0-0: Fielders Choice at 2nd, 4-6 (Groundball, 34) Richard Bankhead scores
|
Batting: RHB Luis Alou
|
0-0: Called Strike 0-1: Ball 1-1: Ball 2-1: Ball 3-1: Base on Balls José Estrada to second
|
Batting: SHB Héctor Barajas
|
0-0: Foul Ball, location: 2F 0-1: Called Strike 0-2: Ball 1-2: Foul Ball, location: 2F 1-2: Foul Ball, location: 2F 1-2: SINGLE (Line Drive, 89S) José Estrada to third Luis Alou to second Runner from 3rd tries for Home, SAFE, throw made at trailing runner, SAFE at third!
|
Batting: LHB Mark Everett
|
0-0: Ball 1-0: Ball 2-0: Foul Ball, location: 2F 2-1: Foul Ball, location: 2F 2-2: Foul Ball, location: 2F 2-2: Foul Ball, location: 2F 2-2: Fly out, F7 (Flyball, 7LM)
|
Top of the 1st over - 2 run(s), 3 hit(s), 0 error(s), 2 left on base; Erie 2 - Columbia 0 |
BOTTOM OF THE 1ST |
Columbia 08s batting - Pitching for Erie Jaxx : LHP Domingo Morales
|
Pitching: LHP Domingo Morales
|
|
Batting: RHB Ichizo Akiyama
|
0-0: Ball 1-0: Foul Ball, location: 2F 1-1: Ball 2-1: Ground out 5-3 (Groundball, 5)
|
Batting: RHB Vic Langlois
|
0-0: Called Strike 0-1: Ball 1-1: Ball 2-1: Foul Ball, location: 2F 2-2: Strikes out looking
|
Batting: RHB Ryosei Yamamoto
|
0-0: Foul Ball, location: 2F 0-1: Fly out, F8 (Line Drive, 78D)
|
Bottom of the 1st over - 0 run(s), 0 hit(s), 0 error(s), 0 left on base; Erie 2 - Columbia 0 |
TOP OF THE 2ND |
Erie Jaxx batting - Pitching for Columbia 08s : LHP Félix García
|
Batting: RHB Luis Alvarado
|
0-0: Ball 1-0: Swinging Strike 1-1: Called Strike 1-2: Ball 2-2: Ball 3-2: Base on Balls
|
Batting: RHB Raúl Ruíz
|
0-0: Ball 1-0: Called Strike 1-1: Foul Ball, location: 2F 1-2: Foul Ball, location: 2F 1-2: SINGLE (Line Drive, 6MD) Luis Alvarado to second
|
Batting: RHB Richard Bankhead
|
0-0: Called Strike 0-1: DOUBLE (Flyball, 89XD) Luis Alvarado scores Raúl Ruíz to third
|
Batting: SHB Keith Shaffer
|
0-0: Ball 1-0: Swinging Strike 1-1: Ball 2-1: Fly out, F6 (Popup, 6MD)
|
Batting: RHB Tim Hanson
|
0-0: Ball 1-0: Ball 2-0: Ball 3-0: Base on Balls
|
Batting: RHB José Estrada
|
0-0: SINGLE (Line Drive, 6D) Raúl Ruíz scores Richard Bankhead to third Tim Hanson to second Runner from 3rd tries for Home, SAFE, no throw or cutoff
|
Batting: RHB Luis Alou
|
0-0: Swinging Strike 0-1: Ball 1-1: Called Strike 1-2: Ball 2-2: Foul Ball, location: 2F 2-2: Strikes out looking
|
Pitching: RHP Carlos Trujillo
|
|
Batting: SHB Héctor Barajas
|
0-0: Called Strike 0-1: Foul Ball, location: 2F 0-2: Ball 1-2: Strikes out swinging
|
Top of the 2nd over - 3 run(s), 3 hit(s), 0 error(s), 2 left on base; Erie 5 - Columbia 0 |
BOTTOM OF THE 2ND |
Columbia 08s batting - Pitching for Erie Jaxx : LHP Domingo Morales
|
Batting: LHB Gino Canio
|
0-0: Called Strike 0-1: Called Strike 0-2: Strikes out swinging
|
Batting: LHB José Costa
|
0-0: Called Strike 0-1: Foul Ball, location: 2F 0-2: Ball 1-2: Fly out, F8 (Line Drive, 78M)
|
Batting: RHB Luis Maldonado
|
0-0: Swinging Strike 0-1: Ball 1-1: Foul Ball, location: 2F 1-2: Strikes out swinging
|
Bottom of the 2nd over - 0 run(s), 0 hit(s), 0 error(s), 0 left on base; Erie 5 - Columbia 0 |
TOP OF THE 3RD |
Erie Jaxx batting - Pitching for Columbia 08s : RHP Carlos Trujillo
|
Batting: LHB Mark Everett
|
0-0: Ball 1-0: Ball 2-0: Ball 3-0: Called Strike 3-1: Foul Ball, location: 2F 3-2: Foul Ball, location: 2F 3-2: Strikes out looking
|
Batting: RHB Luis Alvarado
|
0-0: Ball 1-0: Ball 2-0: Foul Ball, location: 2F 2-1: Ball 3-1: Foul Ball, location: 2F 3-2: Strikes out swinging
|
Batting: RHB Raúl Ruíz
|
0-0: Ground out 4-3 (Groundball, 4)
|
Top of the 3rd over - 0 run(s), 0 hit(s), 0 error(s), 0 left on base; Erie 5 - Columbia 0 |
BOTTOM OF THE 3RD |
Columbia 08s batting - Pitching for Erie Jaxx : LHP Domingo Morales
|
Batting: SHB Roberto Rivera
|
0-0: Called Strike 0-1: Swinging Strike 0-2: Foul Ball, location: 2F 0-2: Strikes out swinging
|
Batting: RHB Felipe Rodríguez
|
0-0: Called Strike 0-1: Ball 1-1: Ground out 6-3 (Groundball, 6)
|
Batting: LHB Brock Larsen
|
0-0: Ball 1-0: Called Strike 1-1: Swinging Strike 1-2: Strikes out swinging
|
Bottom of the 3rd over - 0 run(s), 0 hit(s), 0 error(s), 0 left on base; Erie 5 - Columbia 0 |
TOP OF THE 4TH |
Erie Jaxx batting - Pitching for Columbia 08s : RHP Carlos Trujillo
|
Batting: RHB Richard Bankhead
|
0-0: Ball 1-0: Ball 2-0: SINGLE (Line Drive, 4D)
|
Batting: SHB Keith Shaffer
|
0-0: Ball 1-0: Swinging Strike 1-1: Foul Ball, location: 2F 1-2: Ball 2-2: Strikes out swinging
|
Batting: RHB Tim Hanson
|
0-0: Ball 1-0: Fly out, F7 (Flyball, 78S)
|
Batting: RHB José Estrada
|
0-0: Ball 1-0: Called Strike Throwing error on steal attempt, E2 Richard Bankhead to third 1-1: Fly out, F9 (Line Drive, 89D)
|
Top of the 4th over - 0 run(s), 1 hit(s), 1 error(s), 1 left on base; Erie 5 - Columbia 0 |
BOTTOM OF THE 4TH |
Columbia 08s batting - Pitching for Erie Jaxx : LHP Domingo Morales
|
Batting: RHB Ichizo Akiyama
|
0-0: Called Strike 0-1: Called Strike 0-2: Foul Ball, location: 2F 0-2: Strikes out swinging
|
Batting: RHB Vic Langlois
|
0-0: Ground out 4-3 (Groundball, 4)
|
Batting: RHB Ryosei Yamamoto
|
0-0: Foul Ball, location: 2F 0-1: Ground out 6-3 (Groundball, 6)
|
Bottom of the 4th over - 0 run(s), 0 hit(s), 0 error(s), 0 left on base; Erie 5 - Columbia 0 |
TOP OF THE 5TH |
Erie Jaxx batting - Pitching for Columbia 08s : RHP Carlos Trujillo
|
Batting: RHB Luis Alou
|
0-0: Fly out, F9 (Flyball, 89M)
|
Batting: SHB Héctor Barajas
|
0-0: Ball 1-0: Called Strike 1-1: DOUBLE (Line Drive, 89XD)
|
Batting: LHB Mark Everett
|
0-0: Ground out U3 (Groundball, 3L) Héctor Barajas to third
|
Batting: RHB Luis Alvarado
|
0-0: Ball 1-0: Ball 2-0: Fly out, F8 (Flyball, 8RM)
|
Top of the 5th over - 0 run(s), 1 hit(s), 0 error(s), 1 left on base; Erie 5 - Columbia 0 |
BOTTOM OF THE 5TH |
Columbia 08s batting - Pitching for Erie Jaxx : LHP Domingo Morales
|
Batting: LHB Gino Canio
|
0-0: Ground out 4-3 (Groundball, 4)
|
Batting: LHB José Costa
|
0-0: Ball 1-0: Ball 2-0: Foul Ball, location: 2F 2-1: Swinging Strike 2-2: Ball 3-2: Ground out 5-3 (Groundball, 5S)
|
Batting: RHB Luis Maldonado
|
0-0: Ball 1-0: Called Strike 1-1: Foul Ball, location: 2F 1-2: SINGLE (Groundball, 3L)
|
Batting: SHB Roberto Rivera
|
0-0: Fielders Choice at 2nd, 5-4 (Groundball, 5)
|
Bottom of the 5th over - 0 run(s), 1 hit(s), 0 error(s), 0 left on base; Erie 5 - Columbia 0 |
TOP OF THE 6TH |
Erie Jaxx batting - Pitching for Columbia 08s : RHP Carlos Trujillo
|
Batting: RHB Raúl Ruíz
|
0-0: Ball 1-0: Foul Ball, location: 2F 1-1: Swinging Strike 1-2: Foul Ball, location: 2F 1-2: Foul Ball, location: 2F 1-2: Strikes out swinging
|
Batting: RHB Richard Bankhead
|
0-0: Ball 1-0: Fly out, F7 (Flyball, 7M)
|
Batting: SHB Keith Shaffer
|
0-0: Called Strike 0-1: DOUBLE (Line Drive, 3D)
|
Batting: RHB Tim Hanson
|
0-0: Foul Ball, location: 2F 0-1: Ball 1-1: Ball 2-1: Foul Ball, location: 2F 2-2: Foul Ball, location: 2F 2-2: Strikes out swinging
|
Top of the 6th over - 0 run(s), 1 hit(s), 0 error(s), 1 left on base; Erie 5 - Columbia 0 |
BOTTOM OF THE 6TH |
Columbia 08s batting - Pitching for Erie Jaxx : LHP Domingo Morales
|
Batting: RHB Felipe Rodríguez
|
0-0: Ball 1-0: Swinging Strike 1-1: Ground out 5-3 (Groundball, 5)
|
Batting: LHB Brock Larsen
|
0-0: Ground out 4-3 (Groundball, 4)
|
Batting: RHB Ichizo Akiyama
|
0-0: Called Strike 0-1: Called Strike 0-2: Strikes out swinging
|
Bottom of the 6th over - 0 run(s), 0 hit(s), 0 error(s), 0 left on base; Erie 5 - Columbia 0 |
TOP OF THE 7TH |
Erie Jaxx batting - Pitching for Columbia 08s : RHP Carlos Trujillo
|
Pitching: RHP Irwin Conway
|
|
Batting: RHB José Estrada
|
0-0: Ball 1-0: Called Strike 1-1: Swinging Strike 1-2: Ball 2-2: Foul Ball, location: 2F 2-2: Ball 3-2: Fly out, F8 (Line Drive, 8LM)
|
Batting: RHB Luis Alou
|
0-0: Called Strike 0-1: Ball 1-1: Called Strike 1-2: Foul Ball, location: 2F 1-2: Ground out 6-3 (Groundball, 6)
|
Batting: SHB Héctor Barajas
|
0-0: Called Strike 0-1: Ball 1-1: Ball 2-1: Called Strike 2-2: Strikes out swinging
|
Top of the 7th over - 0 run(s), 0 hit(s), 0 error(s), 0 left on base; Erie 5 - Columbia 0 |
BOTTOM OF THE 7TH |
Columbia 08s batting - Pitching for Erie Jaxx : LHP Domingo Morales
|
Batting: RHB Vic Langlois
|
0-0: Fly out, F8 (Line Drive, 8LXD)
|
Batting: RHB Ryosei Yamamoto
|
0-0: Ball 1-0: Ball 2-0: Ball 3-0: Base on Balls
|
Batting: LHB Gino Canio
|
0-0: Called Strike 0-1: Swinging Strike 0-2: Fielders Choice at 2nd, 3-6 (Groundball, 3D)
|
Batting: LHB José Costa
|
0-0: Ground out 1-3 (Groundball, 23)
|
Bottom of the 7th over - 0 run(s), 0 hit(s), 0 error(s), 1 left on base; Erie 5 - Columbia 0 |
TOP OF THE 8TH |
Erie Jaxx batting - Pitching for Columbia 08s : RHP Irwin Conway
|
Batting: LHB Mark Everett
|
0-0: Foul Ball, location: 2F 0-1: Fly out, F5 (Popup, 6)
|
Batting: RHB Luis Alvarado
|
0-0: Called Strike 0-1: Ball 1-1: Foul Ball, location: 2F 1-2: Fly out, F7 (Line Drive, 7LM)
|
Batting: RHB Raúl Ruíz
|
0-0: Called Strike 0-1: Ball 1-1: Swinging Strike 1-2: Strikes out swinging
|
Top of the 8th over - 0 run(s), 0 hit(s), 0 error(s), 0 left on base; Erie 5 - Columbia 0 |
BOTTOM OF THE 8TH |
Columbia 08s batting - Pitching for Erie Jaxx : LHP Domingo Morales
|
Now at 3B: Enrique Bermúdez
|
|
Batting: RHB Luis Maldonado
|
0-0: Ball 1-0: Ball 2-0: Ball 3-0: Base on Balls
|
Batting: SHB Roberto Rivera
|
0-0: Swinging Strike 0-1: Ball
|
|
|
|
1-1: Called Strike 1-2: Strikes out swinging
|
Pitching: LHP Júlio Castillo
|
|
Batting: RHB Felipe Rodríguez
|
0-0: Foul Ball, location: 2F 0-1: Grounds into double play, 6-4-3 (Groundball, 6)
|
Bottom of the 8th over - 0 run(s), 0 hit(s), 0 error(s), 0 left on base; Erie 5 - Columbia 0 |
TOP OF THE 9TH |
Erie Jaxx batting - Pitching for Columbia 08s : RHP Irwin Conway
|
Batting: RHB Richard Bankhead
|
0-0: Ball 1-0: Foul Ball, location: 2F 1-1: Foul Ball, location: 2F 1-2: Ball 2-2: Ball 3-2: Base on Balls
|
Batting: SHB Keith Shaffer
|
0-0: Swinging Strike 0-1: Ball 1-1: Bunted foul 1-2: Foul Ball, location: 2F 1-2: Ball 2-2: Ball 3-2: Foul Ball, location: 2F 3-2: Base on Balls Richard Bankhead to second
|
Pitching: RHP Mike Horton
|
|
Batting: RHB Tim Hanson
|
0-0: Fly out, F4 (Popup, 3D)
|
Batting: RHB José Estrada
|
0-0: Ball 1-0: Ball 2-0: Foul Ball, location: 2F 2-1: Foul Ball, location: 2F 2-2: Ball 3-2: Base on Balls Richard Bankhead to third Keith Shaffer to second
|
Batting: RHB Luis Alou
|
0-0: Grounds into double play, 5-4-3 (Groundball, 56)
|
Top of the 9th over - 0 run(s), 0 hit(s), 0 error(s), 2 left on base; Erie 5 - Columbia 0 |
BOTTOM OF THE 9TH |
Columbia 08s batting - Pitching for Erie Jaxx : LHP Júlio Castillo
|
Now in RF: Félix Fernández
|
|
Batting: LHB Brock Larsen
|
0-0: Ball 1-0: Ground out U3 (Groundball, 3L)
|
Batting: RHB Ichizo Akiyama
|
0-0: Called Strike 0-1: SINGLE (Line Drive, 3)
|
Batting: RHB Vic Langlois
|
0-0: Called Strike 0-1: Swinging Strike 0-2: Ball Wild Pitch! Ichizo Akiyama to second 1-2: Ball 2-2: Ball 3-2: Ground out 1-3 (Groundball, 23) Ichizo Akiyama to third
|
Batting: RHB Ryosei Yamamoto
|
0-0: Ground out 5-3 (Groundball, 5)
|
Bottom of the 9th over - 0 run(s), 1 hit(s), 0 error(s), 1 left on base; Erie 5 - Columbia 0 |
|
|